 Dungeon Crawl Stone Soup version 0.26-a0-490-gf8362a0c98 (webtiles) character file.

Game seed: 5793966395394395608

149 KristoblXynda the Ducker (level 5, -3/45 HPs)
             Began as a Troll Hedge Wizard on Aug 4, 2020.
             Killed by divine providence
             ... invoked by an orc priest
              (8 damage)
             ... on level 3 of the Dungeon.
             The game lasted 00:02:57 (1651 turns).

KristoblXynda the Ducker (Troll Hedge Wizard)       Turns: 1651, Time: 00:02:58

Health: -3/45      AC:  6    Str: 18    XL:     5   Next: 9%
Magic:  7/7        EV: 10    Int: 11    God:
Gold:   45         SH:  0    Dex:  9    Spells: 7/8 levels left

rFire    . . .     SeeInvis .     - Unarmed
rCold    . . .     Faith    .   (no shield)
rNeg     . . .     Spirit   .   b - +0 robe
rPois    .         Reflect  .   c - +0 hat
rElec    .         Harm     .   (no cloak)
rCorr    .                      (gloves unavailable)
MR       .....                  (boots unavailable)
Stlth    +.........             (no amulet)
HPRegen  0.55/turn              f - ring of flight
MPRegen  0.10/turn              (no ring)

@: slowed, very slow
A: large, unfitting armour, claws 3, regeneration 1, shaggy fur 1, tough skin 3
a: Evoke Flight


You were on level 3 of the Dungeon.
You visited 1 branch of the dungeon, and saw 3 of its levels.

You collected 45 gold pieces.

Inventory:

Armour
 b - a +0 robe (worn)
 c - a +0 hat (worn)
Jewellery
 e - an uncursed amulet of guardian spirit {unknown}
 f - a ring of flight (left claw)
Wands
 i - a wand of enslavement (11)
Potions
 a - a potion of haste


   Skills:
 + Level 2.8 Dodging
 - Level 1.0 Stealth
 + Level 2.6 Unarmed Combat
 - Level 2.0 Spellcasting
 + Level 2.1 Conjurations
   Level 0.6 Summonings
   Level 0.6 Translocations


You had 7 spell levels left.
You knew the following spells:

 Your Spells              Type           Power        Failure   Level
a - Magic Dart            Conj           #...         12%         1

Your spell library contained the following spells:

 Spells                   Type           Power        Failure   Level
 Blink                    Tloc           N/A          34%         2
 Call Imp                 Summ           #.......     34%         2
 Slow                     Hex            #.......     41%         2
 Conjure Flame            Conj/Fire      #.......     50%         3
 Mephitic Cloud           Conj/Pois/Air  #.......     54%         3


Dungeon Overview and Level Annotations

Branches:
Dungeon (3/15)

Altars:


Innate Abilities, Weirdness & Mutations

You are too large for most types of armour.
You have claws for hands.
Your natural rate of healing is unusually fast.
You are covered in fur. (AC +1)
You have extremely tough skin. (AC +3)


Message History

The orc hits you but does no damage.
The rat twitches its whiskers.
Unknown command.
It was a potion of curing.
You feel better.
The orc priest miscasts a cantrip.
The orc barely misses you. The orc hits you with a +0 dagger.
* * * LOW HITPOINT WARNING * * *
The orc wizard points at you and mumbles some strange words.
You feel yourself slow down.
Unknown command.
Okay, then.
The orc hits you with a +0 dagger.
* * * LOW HITPOINT WARNING * * *
The orc wizard gestures at you while chanting.
You resist with some effort. The orc hits you but does no damage.
You hear the brisk rusting of a very distant drain.
The orc wizard closely misses you.
The orc priest calls down the wrath of Beogh upon you.
Beogh smites you!
You die...

##.#..#§#§##..##....###..#
##.#.§§§§.§#.....(......[#
##.#.##§#§.#...#.........#.
...#.†§§#..#...#...........
#########..#...#........#..
'..........#...##r.###....>
##########.#...##oo# ##...
# #.#...##.o# ... #
#.#....@o.## # #.#..<#...<#
# #.#.###....# #..[.......#
###.####...# #.#......#####
#.#..........#
#.....)[.....#
###..........#


You could see an orc priest, an orc wizard (fast), 2 orcs and a rat.

Vanquished Creatures
  An orc wizard (D:3)
  5 adders
  An adder zombie (D:2)
  4 worms
  A dart slug (D:3)
  2 leopard geckos
  6 giant cockroaches
  8 goblins
  7 hobgoblins
  2 jackals (D:2)
  7 kobolds
  3 bats
  6 frilled lizards
  4 rats
57 creatures vanquished.

Notes
Turn   | Place    | Note
-------+----------+-------------------------------------------
     0 | D:1      | KristoblXynda the Troll Hedge Wizard began the quest for
                  | the Orb.
     0 | D:1      | Reached XP level 1. HP: 16/16 MP: 2/2
   181 | D:1      | Reached skill level 1 in Conjurations
   188 | D:1      | Reached XP level 2. HP: 23/24 MP: 4/4
   298 | D:1      | Reached skill level 1 in Unarmed Combat
   878 | D:2      | Reached XP level 3. HP: 31/31 MP: 5/5
  1309 | D:2      | Reached XP level 4. HP: 38/39 MP: 6/6
  1636 | D:3      | Reached XP level 5. HP: 43/45 MP: 7/7
  1651 | D:3      | Killed from afar by an orc priest

Illustrated notes

Levels and vault maps discovered:
D:1:      beargit_arrival_greenhouse, layout_basic
D:2:      layout_rooms, serial_park_tiny_1
D:3:      layout_basic, cheibrodos_sewer_entry_bend

Skill      XL: |  1  2  3  4 |
---------------+-------------+-----
Conjurations   | 1 2 |  2.1
Unarmed Combat | 1 2 |  2.6
Dodging        | 2 |  2.8
Stealth        | |  1.0
Spellcasting   | |  2.0
Summonings     | |  0.6
Translocations | |  0.6

Action                   |  1- 3 |  4- 6 || total
-------------------------+-------+-------++-------
Melee: Unarmed           |   148 |    56 ||   204
  Use: Scroll            |       |     5 ||     5
       Potion            |       |     2 ||     2
 Stab: Sleeping          |     1 |     2 ||     3
Armor: Robe              |    67 |    32 ||    99
Dodge: Dodged            |   104 |    36 ||   140

Table legend: (Time is in decaauts)
 A = Elapsed time spent in this place.
 B = Non-inter-level travel time spent in this place.
 C = Inter-level travel time spent in this place.
 D = Time resting spent in this place.
 E = Time spent auto-exploring this place.
 F = Levels seen in this place.
 G = Mean time per level.
                   A        B        C        D        E       F      G
               +--------+--------+--------+--------+--------+-----+--------+
         Total |   1644 |   1591 |     53 |    115 |    911 |   3 |  548.0 |
       Dungeon |   1644 |   1591 |     53 |    115 |    911 |   3 |  548.0 |
               +--------+--------+--------+--------+--------+-----+--------+

Top non-repeatable levels by time:
     D:1: 790 daAuts
     D:2: 601 daAuts
     D:3: 252 daAuts
